Map: [ESL] Solaris

Players

Cyan

  • Race: Protoss Protoss
  • Spawn Location: 1:00

Lambo - Winner!

  • Race: Zerg Zerg
  • Spawn Location: 7:00

Event: ESL SC2 Masters 2023 Winter (Finals)

VOD

Have the link to the VOD?

Description

Time

  • Played on: Dec. 16, 2023, 10:01 a.m.
  • Length: 9:20

All games in this series

Show
View Real Time Build Order
Export as new Build Order

Cyan Protoss 

Build Orders: 1 Gate Expand, Oracle Opening 

Get SALT Encoding   

  12  0:00  Probe  
  13  0:15  Pylon  
  13  0:17  Probe (Chrono Boost)  
  14  0:26  Probe (Chrono Boost)  
  15  0:31  Probe (Chrono Boost)  
  16  0:39  Gateway  
  16  0:43  Probe  
  16  0:48  Assimilator  
  17  0:55  Probe  
  18  1:07  Probe  
  19  1:19  Probe  
  19  1:24  Nexus  
  20  1:34  Cybernetics Core  
  20  1:37  Probe  
  21  1:42  Assimilator  
  21  1:49  Probe  
  21  1:52  Pylon  
  22  2:01  Probe  
  22  2:08  Adept (Chrono Boost)  
  23  2:13  Probe  
  26  2:18  Stargate  
  26  2:25  Probe (Chrono Boost)  
  26  2:26  Warp Gate  
  26  2:29  Adept (Chrono Boost)  
  27  2:36  Probe (Chrono Boost)  
  30  2:43  Probe (Chrono Boost)  
  31  2:46  Probe (Chrono Boost)  
  31  2:50  Probe x2 (Chrono Boost)  
  33  2:52  Adept  
  36  3:02  Probe x2  
  38  3:10  Void Ray (Chrono Boost)  
  42  3:13  Pylon  
  42  3:14  Probe  
  43  3:23  Probe  
  43  3:26  Probe  
  45  3:29  Gateway  
  45  3:35  Probe  
  45  3:37  Oracle (Chrono Boost)  
  45  3:38  Probe  
  50  3:42  Pylon  
  50  3:47  Probe  
  51  3:50  Probe  
  52  3:59  Probe  
  52  4:00  Nexus  
  53  4:06  Twilight Council  
  53  4:08  Forge  
  53  4:11  Probe  
  53  4:13  Shield Battery  
  54  4:23  Protoss Ground Weapons Level 1 (Chrono Boost)  
  54  4:26  Gateway  
  54  4:28  Gateway  
  54  4:30  Probe x2  
  56  4:40  Stalker  
  56  4:41  Stalker  
  56  4:45  Gateway  
  56  4:47  Gateway, Charge (Chrono Boost)  
  56  4:53  Probe  
  56  4:54  Probe  
  56  4:57  Pylon  
  58  5:06  Probe  
  59  5:09  Gateway  
  59  5:11  Gateway  
  59  5:12  Stalker  
  59  5:13  Probe  
  62  5:15  Probe  
  62  5:18  Stalker  
  62  5:20  Probe  
  66  5:23  Zealot  
  66  5:25  Zealot  
  70  5:29  Pylon  
  70  5:32  Probe  
  70  5:34  Probe  
  72  5:37  Zealot, Probe  
  75  5:43  Pylon  
  75  5:44  Probe  
  75  5:46  Probe  
  75  5:48  Zealot x3  
  83  5:56  Probe  
  84  5:58  Pylon  
  80  6:08  Stalker x4  
  80  6:09  Zealot x2  
  88  6:15  Zealot x2  
  88  6:16  Protoss Ground Weapons Level 2 (Chrono Boost)  
  92  6:22  Probe  
  93  6:32  Zealot x6  
  104  6:38  Zealot x2  
  88  6:58  Zealot x3  
  88  6:59  Nexus, Zealot x2  
  86  7:03  Pylon  
  86  7:08  Probe  
  84  7:10  Blink (Chrono Boost)  
  81  7:20  Probe  
  81  7:22  Zealot x5  
  92  7:25  Zealot x3  
  92  7:27  Probe x2  
  100  7:31  Robotics Facility  
  100  7:32  Probe  
  100  7:33  Robotics Facility  
  93  7:46  Zealot x6  
  93  7:47  Zealot  
  103  7:56  Zealot  
  105  7:59  Probe x2  
  105  8:00  Probe  
  105  8:02  Assimilator  
  108  8:11  Probe x2  
  100  8:15  Stalker x6  
  106  8:32  Probe x4  
  102  8:37  Stalker x2  
  102  8:38  Zealot x6  
  115  8:52  Pylon  
  115  8:53  Pylon  
  115  8:54  Pylon  
  115  8:55  Pylon  
  95  9:04  Zealot x7  
  95  9:11  Stalker  
Show
View Real Time Build Order
Export as new Build Order

Lambo Zerg - Winner!

Build Orders: Hatch First 

Get SALT Encoding   

  12  0:00  Drone  
  13  0:12  Overlord  
  13  0:17  Drone  
  14  0:30  Drone x2  
  16  0:42  Drone  
  17  0:50  Hatchery  
  17  0:54  Drone  
  17  0:58  Drone  
  18  1:07  Extractor  
  17  1:12  Spawning Pool  
  17  1:15  Drone  
  17  1:18  Drone  
  18  1:27  Drone  
  19  1:38  Drone  
  20  1:49  Overlord  
  20  1:58  Queen  
  22  2:02  Drone, Queen  
  22  2:03  Zergling x2  
  22  2:08  Metabolic Boost  
  26  2:11  Zergling x2  
  26  2:13  Drone  
  28  2:21  Drone  
  29  2:25  Drone  
  30  2:32  Drone  
  30  2:35  Hatchery  
  30  2:38  Drone  
  30  2:43  Queen  
  33  2:48  Overlord  
  33  2:52  Spore Crawler  
  33  2:55  Zergling x2  
  34  3:00  Zergling x2  
  35  3:06  Queen  
  35  3:08  Drone, Overlord  
  38  3:14  Drone x3  
  40  3:23  Queen  
  40  3:24  Drone  
  43  3:27  Overlord  
  43  3:32  Drone  
  43  3:34  Drone  
  45  3:35  Drone  
  45  3:39  Overlord  
  45  3:41  Drone  
  47  3:44  Drone  
  47  3:45  Queen  
  50  3:48  Zergling x2  
  50  3:52  Zergling x4  
  50  3:53  Drone  
  50  3:55  Drone x2  
  56  3:59  Drone, Spore Crawler  
  56  4:02  Drone  
  57  4:04  Drone x2  
  57  4:09  Drone x3  
  62  4:15  Drone x3  
  65  4:20  Drone, Spore Crawler  
  65  4:26  Overlord  
  65  4:30  Overlord  
  65  4:32  Queen  
  65  4:36  Overlord  
  64  4:39  Drone  
  65  4:45  Drone x5  
  65  4:46  Roach Warren  
  65  4:47  Drone  
  65  4:49  Drone  
  65  4:50  Drone  
  73  4:52  Drone  
  73  4:54  Extractor x2  
  73  4:55  Drone  
  73  4:58  Extractor  
  71  5:00  Drone x3  
  71  5:01  Drone  
  71  5:04  Drone x2  
  71  5:05  Drone  
  71  5:07  Drone  
  79  5:10  Lair  
  79  5:11  Drone  
  80  5:14  Drone x2  
  80  5:16  Evolution Chamber  
  80  5:17  Drone  
  80  5:19  Overlord  
  82  5:31  Zergling x2, Hatchery  
  82  5:32  Zergling x10  
  82  5:34  Drone  
  88  5:38  Zergling x2  
  88  5:41  Zergling x12  
  94  5:45  Zerg Melee Weapons Level 1  
  94  5:46  Zergling x4  
  96  5:51  Zergling x2  
  96  5:56  Overlord  
  97  5:57  Overlord  
  97  5:58  Overlord  
  97  6:00  Overlord  
  97  6:01  Overlord  
  97  6:02  Overlord  
  97  6:03  Overlord  
  97  6:08  Overlord  
  97  6:09  Queen  
  97  6:10  Baneling Nest  
  98  6:12  Overlord  
  98  6:13  Overlord  
  98  6:14  Glial Reconstitution  
  98  6:17  Drone  
  98  6:21  Drone x2  
  98  6:23  Drone x3  
  98  6:25  Roach x2  
  107  6:33  Roach  
  107  6:39  Roach x7  
  118  6:43  Queen  
  109  6:48  Roach  
  109  6:52  Zergling x2, Roach x2  
  100  6:57  Zergling x8  
  98  7:05  Zergling x2  
  98  7:06  Zergling x12  
  105  7:10  Roach  
  105  7:11  Roach  
  113  7:15  Roach x3  
  113  7:18  Roach x2  
  113  7:22  Queen  
  118  7:23  Roach  
  118  7:25  Roach  
  118  7:27  Roach x2  
  118  7:29  Ravager x2  
  128  7:30  Ravager x2  
  128  7:32  Roach  
  128  7:36  Roach x2  
  134  7:41  Roach x4  
  134  7:43  Zergling x4  
  136  7:47  Zergling x4  
  136  7:49  Baneling x4  
  138  7:51  Overlord  
  138  7:52  Overlord  
  138  7:58  Overlord  
  136  8:00  Overlord  
  136  8:03  Overlord  
  136  8:09  Overlord  
  136  8:11  Baneling x4  
  132  8:13  Ravager  
  132  8:14  Zergling x12  
  139  8:22  Zergling x2  
  139  8:23  Zergling x2  
  135  8:30  Roach x2  
  135  8:33  Roach x3  
  145  8:37  Ravager x2  
  147  8:42  Roach x3  
  147  8:45  Baneling  
  147  8:46  Zergling x6  
  156  8:51  Hatchery  
  156  8:52  Hatchery  
  156  8:53  Zergling x4  
  156  9:00  Extractor  
  156  9:01  Roach x6  
Tags
 
Add a new tag
Caveats
  • Supply blocks, unpowered buildings, or Contaminate may cause inaccurate times.
  • Supply counts are checked every 10 seconds.